 Dungeon Crawl Stone Soup version 0.30-a0-586-g23e55c9e0a (webtiles) character file.

Game seed: 5306653083299621625

26 SeventhVestige the Shield-Bearer (level 3, -5/29 HPs)
             Began as a Human Fighter on Jan 3, 2023.
             Slain by a gnoll
             ... wielding a +0 halberd
              (9 damage)
             ... on level 2 of the Dungeon.
             The game lasted 00:01:20 (832 turns).

SeventhVestige the Shield-Bearer (Human Fighter)     Turns: 832, Time: 00:01:21

Health: -5/29      AC:  6    Str: 16    XL:     3   Next: 22%
Magic:  3/3        EV:  9    Int:  8    God:
Gold:   45         SH:  5    Dex: 14    Spells: 2/2 levels left

rFire   x . .      SeeInvis .    a - +0 long sword
rCold   + . .      Faith    .    c - +0 buckler
rNeg    . . .      Spirit   .    b - +0 scale mail
rPois   .          Reflect  .    (no helmet)
rElec   .          Harm     .    (no cloak)
rCorr   .          Rampage  .    (no gloves)
Will    .....                    (no boots) Stlth
                                 (no amulet)
HPRegen 0.24/turn                f - ring of ice
MPRegen 0.08/turn                (no ring)

@: mighty
A: no striking features
a: no special abilities


You were on level 2 of the Dungeon.
You visited 1 branch of the dungeon, and saw 2 of its levels.

You collected 45 gold pieces.

Inventory:

Hand Weapons
 a - a +0 long sword (weapon)
Armour
 b - a +0 scale mail (worn)
 c - a +0 buckler (worn)
Jewellery
 f - a ring of ice (left hand)
Scrolls
 h - a scroll of fear {unknown}
Potions
 e - a potion of cancellation
 g - a potion of heal wounds {unknown}


   Skills:
 + Level 3.2 Fighting
 + Level 2.5 Long Blades
 + Level 3.2 Armour
 + Level 0.4 Dodging
 + Level 3.3 Shields


You had 2 spell levels left.
You didn't know any spells.
Your spell library was empty.

Dungeon Overview and Level Annotations

Branches:
Dungeon (2/15)

Altars:


Message History

a +0 dagger; a kobold corpse; a jackal corpse The jackal bites you.
You barely miss the jackal.
The jackal bites you but does no damage.
The jackal barely misses you.
You barely miss the jackal. The jackal bites you.
The jackal closely misses you.
You hit the jackal.
The jackal is severely wounded.
The jackal closely misses you.
You hit the jackal.
You kill the jackal!
Things that are here:
a jackal corpse; a jackal corpse You start resting.
HP restored.
Things that are here:
a jackal corpse; a jackal corpse
Found a dagger.
Found a stone staircase leading down.
A giant cockroach and a gnoll come into view.
The gnoll is wielding a +2 halberd of freezing.
The gnoll shouts!
You hear a shout!
The gnoll throws a throwing net.
You block the throwing net.
You see here a throwing net.
A gnoll comes into view. It is wielding a +0 halberd.
Found 15 gold pieces.
You hit the giant cockroach.
You kill the giant cockroach!
A gnoll comes into view. It is wielding a +0 spear.
Found a murky ruby potion.
Found a stone staircase leading down.
The gnoll closely misses you.
You closely miss the gnoll. The gnoll closely misses you.
The gnoll hits you with a +2 halberd of freezing!
The gnoll freezes you. The gnoll barely misses you.
You feel very mighty all of a sudden.
The gnoll hits you with a +2 halberd of freezing!
* * * LOW HITPOINT WARNING * * *
The gnoll hits you from afar with a +0 halberd!
You die...

......... #.# #..#
#..#.##...##.#####..####
#.......................
.$.......#.....###.#...#
>..............###.#...#
.........#...).........#
......>..#(....###.#.#.#
.......†.....### #.#.#.#
.......@.#?### #.# # #
!......g.#.# ..#
.....gg..#.#
....?....#..
###..####### #.. #. #.


You could see 3 gnolls.

Vanquished Creatures
  A dart slug (D:1)
  A ball python (D:1)
  2 endoplasms (D:1)
  A giant cockroach (D:2)
  A hobgoblin (D:1)
  3 jackals (D:2)
  4 quokkas (D:1)
  2 frilled lizards (D:1)
  3 kobolds
  4 rats (D:1)
22 creatures vanquished.

Notes
Turn   | Place    | Note
-------+----------+-------------------------------------------
     0 | D:1      | SeventhVestige the Human Fighter began the quest for the
                  | Orb.
     0 | D:1      | Reached XP level 1. HP: 18/18 MP: 1/1
   104 | D:1      | Reached XP level 2. HP: 23/24 MP: 2/2
   770 | D:2      | Reached XP level 3. HP: 29/29 MP: 3/3
   832 | D:2      | Slain by a gnoll

Illustrated notes

Levels and vault maps discovered:
D:1:      ncdulo_smallfort, layout_loops_ring
D:2:      layout_loops_ring, serial_shops, shop

Action                   || total
-------------------------++-------
Melee: Long sword        ||    76
  Use: Scroll            ||     1
       Potion            ||     1
Armor: Scale mail        ||    36
Dodge: Dodged            ||    34
Block: Buckler           ||    22

Table legend: (Time is in decaauts)
 A = Elapsed time spent in this place.
 B = Non-inter-level travel time spent in this place.
 C = Inter-level travel time spent in this place.
 D = Time resting spent in this place.
 E = Time spent auto-exploring this place.
 F = Levels seen in this place.
 G = Mean time per level.
                   A        B        C        D        E       F      G
               +--------+--------+--------+--------+--------+-----+--------+
         Total |    855 |    838 |     17 |     29 |    602 |   2 |  427.5 |
       Dungeon |    855 |    838 |     17 |     29 |    602 |   2 |  427.5 |
               +--------+--------+--------+--------+--------+-----+--------+

Top non-repeatable levels by time:
     D:1: 740 daAuts
     D:2: 114 daAuts
